 Dungeon Crawl Stone Soup version 0.31-a0-182-gc5ef74bbde (webtiles) character file.

Game seed: 6613493749101156726

34336 qw the Blocker (level 13, 0/80 HPs)
             Began as a Gargoyle Fighter on June 21, 2023.
             Was a Priest of Okawaru.
             Slain by a death yak (17 damage)
             ... summoned by a boggart
             ... on level 5 of the Lair of Beasts.
             The game lasted 00:07:29 (14558 turns).

qw the Blocker (Gargoyle Fighter)                  Turns: 14558, Time: 00:07:29

Health: 0/80       AC: 36    Str: 25    XL:     13   Next: 76%
Magic:  18/20      EV:  8    Int:  9    God:    Okawaru [***...]
Gold:   951        SH: 19    Dex:  9    Spells: 12/12 levels left

rFire   . . .        x - +0 flail
rCold   . . .        r - +0 tower shield
rNeg    + . .        q - +0 plate armour
rPois   inf          a - +1 helmet
rElec   +            b - +0 cloak
rCorr   +            s - +1 pair of gloves
SInv    +            u - +2 pair of boots
Will    .....        h - amulet of the acrobat Stlth
                     m - ring of see invisible
HPRegen 0.33/turn    v - ring of resist corrosion
MPRegen 0.17/turn

%: acrobat
@: heroic
A: sickness immunity, AC +9, negative energy resistance 1, electricity
resistance, torment resistance 1, petrification resistance, mutation resistance
1
a: Renounce Religion, Heroism


You were on level 5 of the Lair of Beasts.
You worshipped Okawaru.
Okawaru was most pleased with you.
You visited 3 branches of the dungeon, and saw 14 of its levels.

You collected 979 gold pieces.
You spent 28 gold pieces at shops.


Innate Abilities, Weirdness & Mutations

You are immune to sickness and miasma.
Your stone body is resilient. (AC +9)
You are immune to poison.
You resist negative energy. (rN+)
You are resistant to electric shocks. (rElec)
You are resistant to unholy torment.
You are immune to petrification.
You are somewhat resistant to further mutation.


   Skills:
 - Level 9.0(14.0) Fighting
 - Level 12.0(17.0) Axes
 - Level 4.0(9.0) Throwing
 - Level 9.0(14.0) Armour
 - Level 2.0(7.0) Dodging
 + Level 14.1(19.1) Shields
 - Level 10.0 Invocations


You had 12 spell levels left.
You didn't know any spells.
Your spell library was empty.

Inventory:

Hand Weapons
 x - a +0 flail (weapon)
 Y - a +1 war axe
Missiles
 p - 2 javelins
 w - 4 boomerangs
 z - a silver javelin (quivered)
 A - 2 silver boomerangs
Armour
 a - a +1 helmet (worn)
 b - a +0 cloak (worn)
 q - a +0 plate armour (worn)
 r - a +0 tower shield (worn)
 s - a +1 pair of gloves (worn)
 u - a +2 pair of boots (worn)
Jewellery
 h - an amulet of the acrobat (around neck)
 l - a ring of resist corrosion
 m - a ring of see invisible (left hand)
 v - a ring of resist corrosion (right hand)
 y - a ring of positive energy
Scrolls
 f - 6 scrolls of identify
 n - 2 scrolls of teleportation
Potions
 c - 2 potions of lignification
 d - 4 potions of might
 e - a potion of cancellation
 g - a potion of resistance
 i - 2 potions of haste
 j - 5 potions of enlightenment
 k - 5 potions of curing
 o - a potion of mutation
 t - 2 potions of attraction

Dungeon Overview and Level Annotations

Branches:
Dungeon (8/15)             Temple (1/1) D:4            Lair (5/5) D:8
 Shoals (0/4) Lair:3        Snake (0/4) Lair:2        Slime (0/5) Lair:4

Altars:
Ashenzari
Cheibriados
Elyvilon
Fedhas
Gozag
Hepliaklqana
Makhleb
Nemelex Xobeh
Okawaru
Qazlal
Ru
Sif Muna
Trog
Uskayaw
Vehumet
Wu Jian
Xom
Yredelemnul
Zin
The Shining One

Shops:
D:7 *

Portals:
Abyss: D:8

Annotations:
D:8 2 transporters, qw's ghost, novice GrFi


Message History

You block the water moccasin's attack.
The five-headed hydra barely misses you.
You block the five-headed hydra's attack.
The five-headed hydra bites you but does no damage.
The five-headed hydra barely misses you.
The five-headed hydra bites you but does no damage.
The death yak gores you but does no damage.
The death yak gores you!
You hit the death yak.
The death yak is severely wounded.
You block the water moccasin's attack.
The five-headed hydra bites you but does no damage.
You block the five-headed hydra's attack.
The five-headed hydra bites you but does no damage.
You block the five-headed hydra's attack. x2
The boggart mumbles some strange words.
The boggart blinks!
You sock the death yak!
The death yak is severely wounded.
You block the water moccasin's attack.
You barely miss the death yak.
The death yak is severely wounded.
The water moccasin bites you.
You block the five-headed hydra's attack.
The five-headed hydra bites you but does no damage.
You block the five-headed hydra's attack. x2
The five-headed hydra bites you but does no damage.
You block the death yak's attack.
The boggart casts a spell.
The boggart blinks!
You sock the death yak!
The death yak is almost dead.
You block the water moccasin's attack.
The five-headed hydra bites you but does no damage.
The five-headed hydra bites you!
The five-headed hydra bites you but does no damage.
You block the five-headed hydra's attack.
The five-headed hydra barely misses you.
You block the death yak's attack. The death yak gores you!
You die... h. 77Y 7gi 7Yh 7Y7 .7 7Y77 ..7 7Y@7 77... 7DS77 7.... 77hi77...7 77Fh...7 7hhh777

7h..77
77...7
7...77
777..7777


You could see 4 death yaks, a five-headed hydra (summoned), a cane toad
(summoned), a water moccasin (summoned), a spriggan, 6 wolves and a boggart.

Vanquished Creatures
  2 hydras
  A centaur warrior (D:8)
  2 boulder beetles
  A skyshark (Lair:4)
  An ugly thing (D:8)
  6 elephants (Lair:3)
  Joseph (Lair:1)
  A torpor snail (Lair:1)
  9 black mambas
  A merfolk siren (Lair:3)
  12 cane toads
  Maggie (D:8)
  3 komodo dragons
  8 rime drakes (Lair:3)
  3 polar bears
  A hornet (Lair:5)
  12 blink frogs
  4 spriggans (Lair:5)
  6 wyverns
  4 basilisks
  17 yaks
  12 steam dragons
  3 acid dragons
  24 water moccasins
  2 ice beasts
  3 orc warriors
  6 black bears
  23 wolves
  A boggart (Lair:5)
  4 centaurs
  2 phantoms
  2 kobold brigands (D:8)
  16 bullfrogs
  3 scorpions
  A wight (D:8)
  5 killer bees (D:5)
  2 howler monkeys (D:6)
  4 orc priests
  2 hounds
  7 jellies
  2 iguanas
  4 sleepcaps
  3 orc wizards
  7 adders
  2 shadow imps
  2 white imps
  An ufetubus (D:7)
  A worm (D:4)
  2 dart slugs
  18 orcs
  7 bats
  6 endoplasms
  5 giant cockroaches
  4 goblins
  6 hobgoblins
  11 jackals
  8 kobolds
  A quokka (D:1)
  6 ball pythons
  2 rats (D:2)
  A butterfly (Lair:2)
317 creatures vanquished.

Vanquished Creatures (others)
  3 rime drakes (Lair:3)
3 creatures vanquished.

Grand Total: 320 creatures vanquished

Notes
Turn   | Place    | Note
-------+----------+-------------------------------------------
     0 | D:1      | qw the Gargoyle Fighter began the quest for the Orb.
     0 | D:1      | Reached XP level 1. HP: 14/14 MP: 1/1
     0 | D:1      | 0 ||| qw: Version: 0.3-a-9-g12657ce
     0 | D:1      | 0 ||| qw: Game counter: 1600
     0 | D:1      | 0 ||| qw: Always use a shield: true
     0 | D:1      | 0 ||| qw: God list: Okawaru
     0 | D:1      | 0 ||| qw: Allow faded altars: false
     0 | D:1      | 0 ||| qw: Do Orc after D:15 true
     0 | D:1      | 0 ||| qw: Do second Lair branch before Depths: true
     0 | D:1      | 0 ||| qw: Lair rune preference: random
     0 | D:1      | 0 ||| qw: Plans: Normal, Zot:1-4, Slime:5, God:TSO, Crypt,
                  | Tomb, Abyss, Pan, Hells, Win
     0 | D:1      | 0 ||| PLANNING D:1-11
   133 | D:1      | 133 ||| Stepping ~*~*~tactically~*~*~ (hiding).
   187 | D:1      | Reached XP level 2. HP: 18/19 MP: 2/2
   722 | D:1      | 722 ||| Stepping ~*~*~tactically~*~*~ (water).
   903 | D:1      | 903 ||| DROPPING +0 club.
   989 | D:1      | 989 ||| UPGRADING to amulet of the acrobat.
   994 | D:1      | 994 ||| READING scroll labelled ECKIOGI LIRR.
   995 | D:1      | 995 ||| DRINKING 2 sedimented pink potions.
  1075 | D:2      | Reached skill level 3 in Axes
  1075 | D:2      | Reached XP level 3. HP: 20/23 MP: 3/3
  1110 | D:2      | 1110 ||| DROPPING +0 whip.
  1222 | D:2      | 1222 ||| Stepping ~*~*~tactically~*~*~ (stealth).
  1309 | D:2      | Reached XP level 4. HP: 28/28 MP: 4/4
  1585 | D:2      | 1585 ||| UPGRADING to ring of see invisible.
  1586 | D:2      | 1586 ||| UPGRADING to ring of positive energy.
  1587 | D:2      | 1587 ||| READING 5 scrolls labelled GEVISHR LESTRO.
  1588 | D:2      | 1588 ||| READING scroll labelled FUOGOBRIONKE.
  1589 | D:2      | 1589 ||| READING scroll labelled IRGHER CUENNE.
  1590 | D:2      | 1590 ||| READING 4 scrolls of identify.
  1590 | D:2      | 1590 ||| IDENTIFYING black potion
  1591 | D:2      | 1591 ||| READING 3 scrolls of identify.
  1591 | D:2      | 1591 ||| IDENTIFYING emerald potion
  1592 | D:2      | 1592 ||| READING 2 scrolls of identify.
  1592 | D:2      | 1592 ||| IDENTIFYING fuming golden potion
  2398 | D:3      | 2398 ||| UPGRADING to +0 plate armour.
  2408 | D:3      | 2408 ||| DROPPING +0 scale mail.
  2409 | D:3      | 2409 ||| DROPPING orb of mayhem.
  2410 | D:3      | 2410 ||| UPGRADING to +0 pair of gloves.
  2415 | D:3      | 2415 ||| READING scroll labelled LALAIQ DONOJAURCH.
  2416 | D:3      | 2416 ||| READING scroll labelled ZIZ ESUUHERCH.
  2517 | D:3      | 2517 ||| READING 3 scrolls of identify.
  2517 | D:3      | 2517 ||| IDENTIFYING viscous coppery potion
  2518 | D:3      | 2518 ||| READING 2 scrolls of identify.
  2518 | D:3      | 2518 ||| IDENTIFYING yellow potion
  2519 | D:3      | 2519 ||| DROPPING potion of berserk rage.
  2588 | D:4      | 2588 ||| Stepping ~*~*~tactically~*~*~ (stealth).
  2655 | D:4      | Reached XP level 5. HP: 14/32 MP: 5/5
  2838 | D:4      | Found a staircase to the Ecumenical Temple.
  2839 | D:4      | 2839 ||| PLANNING TEMPLE
  2839 | D:4      | 2839 ||| UPGRADING to +0 cloak.
  2844 | D:4      | 2844 ||| READING scroll labelled OVOKHI EKOX.
  2845 | D:4      | 2845 ||| READING scroll labelled MUDYERGH MAXA.
  2846 | D:4      | 2846 ||| DRINKING 2 fuming red potions.
  2855 | Temple   | Entered the Ecumenical Temple
  3003 | Temple   | 3003 ||| PLANNING OKAWARU WORSHIP
  3029 | Temple   | Became a worshipper of Warmaster Okawaru
  3030 | Temple   | 3030 ||| PLANNING D:1-11
  3111 | D:4      | Noticed an ice beast
  3128 | D:4      | Killed an ice beast
  3129 | D:4      | Reached XP level 6. HP: 14/37 MP: 6/6
  3132 | D:4      | 3132 ||| Stepping ~*~*~tactically~*~*~ (stealth).
  3133 | D:4      | 3133 ||| Stepping ~*~*~tactically~*~*~ (stealth).
  3134 | D:4      | 3134 ||| Stepping ~*~*~tactically~*~*~ (stealth).
  3135 | D:4      | 3135 ||| Stepping ~*~*~tactically~*~*~ (stealth).
  3137 | D:4      | HP: 8/37 [hound (4)]
  3138 | D:4      | 3138 ||| DRINKING potion of heal wounds.
  3233 | D:4      | 3233 ||| Stepping ~*~*~tactically~*~*~ (hiding).
  3562 | D:4      | 3562 ||| Stepping ~*~*~tactically~*~*~ (stealth).
  3564 | D:4      | 3564 ||| Stepping ~*~*~tactically~*~*~ (stealth).
  3604 | D:4      | 3604 ||| UPGRADING to +0 helmet.
  3609 | D:4      | 3609 ||| READING scroll labelled GAFESINYRPH.
  3635 | D:5      | Entered Level 5 of the Dungeon
  3752 | D:5      | 3752 ||| Stepping ~*~*~tactically~*~*~ (stealth).
  3763 | D:5      | Reached * piety under Okawaru
  3764 | D:5      | 3764 ||| INVOKING Heroism.
  3771 | D:5      | HP: 8/39 [killer bee (2)]
  3772 | D:5      | 3772 ||| DRINKING potion of heal wounds.
  3777 | D:5      | 3777 ||| INVOKING Heroism.
  3781 | D:5      | Reached skill level 6 in Axes
  3781 | D:5      | Reached XP level 7. HP: 25/44 MP: 3/7
  3831 | D:5      | 3831 ||| FLEEEEING.
  3890 | D:5      | 3890 ||| INVOKING Heroism.
  4005 | D:5      | Reached skill level 1 in Invocations
  4253 | D:5      | 4253 ||| Stepping ~*~*~tactically~*~*~ (stealth).
  4326 | D:5      | 4326 ||| UPGRADING to +0 tower shield.
  4336 | D:5      | 4336 ||| DROPPING +0 buckler.
  4337 | D:5      | 4337 ||| READING 2 scrolls labelled OGGI HAUDGHEWN.
  4342 | D:5      | 4342 ||| DRINKING 2 brown potions.
  4343 | D:5      | 4343 ||| DRINKING 2 smoky orange potions.
  4343 | D:5      | Gained mutation: You are somewhat resistant to further
                  | mutation. [potion of mutation]
  4440 | D:6      | Reached skill level 3 in Invocations
  4440 | D:6      | Reached XP level 8. HP: 48/48 MP: 10/10
  4550 | D:6      | 4550 ||| INVOKING Heroism.
  4553 | D:6      | Reached skill level 4 in Shields
  4653 | D:6      | 4653 ||| INVOKING Heroism.
  4779 | D:6      | 4779 ||| READING scroll of enchant armour.
  4779 | D:6      | 4779 ||| ENCHANTING +0 pair of gloves.
  4896 | D:6      | 4896 ||| Stepping ~*~*~tactically~*~*~ (hiding).
  4897 | D:6      | 4897 ||| Stepping ~*~*~tactically~*~*~ (stealth).
  4898 | D:6      | 4898 ||| Stepping ~*~*~tactically~*~*~ (hiding).
  4901 | D:6      | 4901 ||| INVOKING Heroism.
  4905 | D:6      | Reached skill level 5 in Shields
  4905 | D:6      | Reached ** piety under Okawaru
  4914 | D:6      | Reached skill level 6 in Shields
  5108 | D:6      | 5108 ||| UPGRADING to +2 pair of boots.
  5113 | D:6      | 5113 ||| DROPPING +2 pair of boots.
  5200 | D:7      | Reached skill level 7 in Shields
  5256 | D:7      | Found Donuwaot's General Store.
  5269 | D:7      | 5269 ||| BUYING scroll of identify (28 gold).
  5269 | D:7      | Bought a scroll of identify for 28 gold pieces
  5348 | D:7      | 5348 ||| Stepping ~*~*~tactically~*~*~ (hiding).
  5505 | D:7      | 5505 ||| INVOKING Heroism.
  5508 | D:7      | Reached XP level 9. HP: 52/52 MP: 9/12
  5543 | D:7      | 5543 ||| INVOKING Heroism.
  5559 | D:7      | Reached skill level 8 in Shields
  5807 | D:7      | Reached skill level 9 in Shields
  6014 | D:7      | 6014 ||| READING scroll labelled REAGAL QUXKOGE.
  6015 | D:7      | 6015 ||| DRINKING 2 viscous golden potions.
  6098 | D:8      | 6098 ||| INVOKING Heroism.
  6178 | D:8      | 6178 ||| Stepping ~*~*~tactically~*~*~ (hiding).
  6179 | D:8      | 6179 ||| Stepping ~*~*~tactically~*~*~ (hiding).
  6180 | D:8      | 6180 ||| Stepping ~*~*~tactically~*~*~ (hiding).
  6182 | D:8      | 6182 ||| INVOKING Heroism.
  6259 | D:8      | 6259 ||| INVOKING Heroism.
  6267 | D:8      | Reached skill level 10 in Shields
  6281 | D:8      | 6281 ||| INVOKING Heroism.
  6293 | D:8      | Reached skill level 1 in Dodging
  6297 | D:8      | Reached *** piety under Okawaru
  6304 | D:8      | 6304 ||| INVOKING Heroism.
  6331 | D:8      | Reached XP level 10. HP: 35/59 MP: 13/13
  6331 | D:8      | 6331 ||| INVOKING Heroism.
  6416 | D:8      | 6416 ||| DROPPING +0 mace.
  6417 | D:8      | Found a staircase to the Lair.
  6445 | D:8      | 6445 ||| Stepping ~*~*~tactically~*~*~ (hiding).
  6446 | D:8      | 6446 ||| Stepping ~*~*~tactically~*~*~ (hiding).
  6448 | D:8      | 6448 ||| Stepping ~*~*~tactically~*~*~ (hiding).
  6449 | D:8      | 6449 ||| Stepping ~*~*~tactically~*~*~ (hiding).
  6451 | D:8      | 6451 ||| Stepping ~*~*~tactically~*~*~ (hiding).
  6623 | D:8      | 6623 ||| INVOKING Heroism.
  6632 | D:8      | Reached skill level 1 in Throwing
  6763 | D:8      | Noticed Maggie
  6764 | D:8      | 6764 ||| Stepping ~*~*~tactically~*~*~ (hiding).
  6769 | D:8      | Noticed a brown ugly thing
  6774 | D:8      | 6774 ||| INVOKING Heroism.
  6775 | D:8      | HP: 11/59 [acid (8)]
  6776 | D:8      | 6776 ||| READING 2 scrolls of teleportation.
  6776 | D:8      | HP: 4/59 [Maggie/+0 halberd of flaming (7)]
  6777 | D:8      | 6777 ||| DRINKING potion of heal wounds.
  6802 | D:8      | Noticed a centaur warrior
  6803 | D:8      | 6803 ||| INVOKING Heroism.
  6819 | D:8      | Killed a centaur warrior
  6823 | D:8      | 6823 ||| INVOKING Heroism.
  6834 | D:8      | Reached skill level 11 in Shields
  6894 | D:8      | 6894 ||| Stepping ~*~*~tactically~*~*~ (stealth).
  6895 | D:8      | 6895 ||| INVOKING Heroism.
  6934 | D:8      | Noticed a boulder beetle
  6935 | D:8      | 6935 ||| Stepping ~*~*~tactically~*~*~ (stealth).
  6936 | D:8      | 6936 ||| INVOKING Heroism.
  6947 | D:8      | Killed a boulder beetle
  6947 | D:8      | Reached **** piety under Okawaru
  6947 | D:8      | Received a gift from Okawaru
  6948 | D:8      | Reached skill level 6 in Fighting
  6991 | D:8      | Killed a brown ugly thing
  7016 | D:8      | 7016 ||| DROPPING +6 mace.
  7060 | D:8      | 7060 ||| Stepping ~*~*~tactically~*~*~ (stealth).
  7062 | D:8      | 7062 ||| Stepping ~*~*~tactically~*~*~ (stealth).
  7074 | D:8      | Reached skill level 6 in Armour
  7078 | D:8      | 7078 ||| INVOKING Heroism.
  7089 | D:8      | Reached XP level 11. HP: 39/66 MP: 12/15
  7190 | D:8      | Found a one-way gate to the infinite horrors of the Abyss.
  7190 | D:8      | Noticed qw's ghost (novice GrFi)
  7203 | D:8      | Found a transporter.
  7277 | D:8      | Found a transporter.
  7305 | D:8      | Killed Maggie
  7306 | D:8      | Reached skill level 6 in Invocations
  7318 | D:8      | 7318 ||| Stepping ~*~*~tactically~*~*~ (stealth).
  7319 | D:8      | 7319 ||| Stepping ~*~*~tactically~*~*~ (stealth).
  7321 | D:8      | 7321 ||| Stepping ~*~*~tactically~*~*~ (hiding).
  7322 | D:8      | 7322 ||| Stepping ~*~*~tactically~*~*~ (hiding).
  7412 | D:8      | 7412 ||| INVOKING Heroism.
  7428 | D:8      | Reached skill level 9 in Axes
  7667 | D:8      | 7667 ||| READING scroll labelled VYSIM GOIF.
  7668 | D:8      | 7668 ||| PLANNING LAIR
  7705 | Lair:1   | Entered Level 1 of the Lair of Beasts
  7718 | Lair:1   | 7718 ||| INVOKING Heroism.
  7736 | Lair:1   | 7736 ||| INVOKING Heroism.
  7828 | Lair:1   | 7828 ||| INVOKING Heroism.
  7831 | Lair:1   | Noticed Joseph
  7855 | Lair:1   | Killed Joseph
  7989 | Lair:1   | 7989 ||| INVOKING Heroism.
  8001 | Lair:1   | HP: 15/66 [cane toad (16)]
  8002 | Lair:1   | 8002 ||| READING 2 scrolls of teleportation.
  8006 | Lair:1   | Found a frozen archway.
  8009 | Lair:1   | 8009 ||| READING scroll of teleportation.
  8271 | Lair:1   | 8271 ||| Stepping ~*~*~tactically~*~*~ (water).
  8343 | Lair:1   | 8343 ||| INVOKING Heroism.
  8351 | Lair:1   | Reached skill level 12 in Shields
  8404 | Lair:1   | 8404 ||| INVOKING Heroism.
  8457 | Lair:1   | 8457 ||| INVOKING Heroism.
  8461 | Lair:1   | 8461 ||| FLEEEEING.
  8462 | Lair:1   | 8462 ||| FLEEEEING.
  8463 | Lair:1   | 8463 ||| FLEEEEING.
  8947 | Lair:1   | 8947 ||| READING scroll labelled GAACUS QUCEOGEUNN.
  8948 | Lair:1   | 8948 ||| READING scroll labelled COVATHA XOYW.
  8949 | Lair:1   | 8949 ||| READING 8 scrolls of identify.
  8949 | Lair:1   | 8949 ||| IDENTIFYING glowing sapphire potion
  8950 | Lair:1   | 8950 ||| READING 7 scrolls of identify.
  8950 | Lair:1   | 8950 ||| IDENTIFYING amethyst potion
  8951 | Lair:1   | 8951 ||| READING 6 scrolls of identify.
  8951 | Lair:1   | 8951 ||| IDENTIFYING fizzy ruby potion
  8952 | Lair:1   | 8952 ||| DROPPING potion of degeneration.
  8953 | Lair:1   | 8953 ||| DROPPING potion of invisibility.
  8954 | Lair:1   | 8954 ||| DROPPING potion of brilliance.
  9017 | Lair:2   | 9017 ||| INVOKING Heroism.
  9021 | Lair:2   | Reached skill level 9 in Invocations
  9073 | Lair:2   | 9073 ||| Stepping ~*~*~tactically~*~*~ (stealth).
  9075 | Lair:2   | 9075 ||| INVOKING Heroism.
  9222 | Lair:2   | Identified the +1 leather armour of Noughts and Crosses
                  | {Rampage rElec rN+++ MP-9}
  9252 | Lair:2   | 9252 ||| Stepping ~*~*~tactically~*~*~ (stealth).
  9253 | Lair:2   | Noticed a six-headed hydra
  9254 | Lair:2   | 9254 ||| INVOKING Heroism.
  9259 | Lair:2   | 9259 ||| SWAPPING to +0 flail.
  9273 | Lair:2   | Killed a six-headed hydra
  9274 | Lair:2   | Reached XP level 12. HP: 30/72 MP: 19/19
  9274 | Lair:2   | 9274 ||| SWAPPING to +1 war axe.
  9375 | Lair:2   | 9375 ||| Stepping ~*~*~tactically~*~*~ (stealth).
  9411 | Lair:2   | Found a staircase to the Snake Pit.
  9424 | Lair:2   | 9424 ||| INVOKING Heroism.
  9444 | Lair:2   | 9444 ||| INVOKING Heroism.
  9535 | Lair:2   | 9535 ||| Stepping ~*~*~tactically~*~*~ (stealth).
  9551 | Lair:2   | 9551 ||| INVOKING Heroism.
  9857 | Lair:2   | Received a gift from Okawaru
  9955 | Lair:2   | 9955 ||| INVOKING Heroism.
 10072 | Lair:2   | 10072 ||| INVOKING Heroism.
 10074 | Lair:2   | Reached skill level 13 in Shields
 10260 | Lair:2   | 10260 ||| INVOKING Heroism.
 10661 | Lair:2   | 10661 ||| UPGRADING to +1 helmet.
 10671 | Lair:2   | 10671 ||| DROPPING +0 helmet.
 10672 | Lair:2   | 10672 ||| UPGRADING to ring of resist corrosion.
 10674 | Lair:2   | 10674 ||| READING scroll labelled KUPNYSAIQU.
 10720 | Lair:2   | 10720 ||| READING scroll labelled JOATENESEMM.
 10746 | Lair:3   | 10746 ||| INVOKING Heroism.
 10748 | Lair:3   | 10748 ||| Stepping ~*~*~tactically~*~*~ (stealth).
 10779 | Lair:3   | 10779 ||| FLEEEEING.
 10780 | Lair:3   | 10780 ||| STAIRDANCE
 10915 | Lair:3   | 10915 ||| INVOKING Heroism.
 11136 | Lair:3   | Found a staircase to the Shoals.
 11206 | Lair:3   | 11206 ||| INVOKING Heroism.
 11334 | Lair:3   | 11334 ||| INVOKING Heroism.
 11359 | Lair:3   | Received a gift from Okawaru
 11378 | Lair:3   | Reached ***** piety under Okawaru
 11463 | Lair:3   | 11463 ||| INVOKING Heroism.
 11495 | Lair:3   | Reached XP level 13. HP: 77/78 MP: 20/20
 11544 | Lair:3   | Identified the +1 short sword "Xefyeq" {flame, rElec rC-
                  | Str+4 Dex+3}
 11563 | Lair:3   | 11563 ||| INVOKING Heroism.
 11566 | Lair:3   | 11566 ||| Stepping ~*~*~tactically~*~*~ (cloud).
 11568 | Lair:3   | 11568 ||| Stepping ~*~*~tactically~*~*~ (stealth).
 11573 | Lair:3   | 11573 ||| Stepping ~*~*~tactically~*~*~ (hiding).
 11593 | Lair:3   | Received a gift from Okawaru
 11609 | Lair:3   | 11609 ||| FLEEEEING.
 11678 | Lair:3   | 11678 ||| Stepping ~*~*~tactically~*~*~ (stealth).
 11679 | Lair:3   | 11679 ||| INVOKING Heroism.
 11687 | Lair:3   | 11687 ||| Stepping ~*~*~tactically~*~*~ (stealth).
 11707 | Lair:3   | 11707 ||| Stepping ~*~*~tactically~*~*~ (cloud).
 11717 | Lair:3   | Reached skill level 9 in Fighting
 11737 | Lair:3   | 11737 ||| INVOKING Heroism.
 11744 | Lair:3   | 11744 ||| Stepping ~*~*~tactically~*~*~ (stealth).
 11791 | Lair:3   | 11791 ||| Stepping ~*~*~tactically~*~*~ (stealth).
 11793 | Lair:3   | 11793 ||| Stepping ~*~*~tactically~*~*~ (hiding).
 11807 | Lair:3   | 11807 ||| INVOKING Heroism.
 11891 | Lair:3   | 11891 ||| INVOKING Heroism.
 11895 | Lair:3   | 11895 ||| Stepping ~*~*~tactically~*~*~ (cloud).
 11941 | Lair:3   | 11941 ||| Stepping ~*~*~tactically~*~*~ (hiding).
 11942 | Lair:3   | 11942 ||| Stepping ~*~*~tactically~*~*~ (hiding).
 11943 | Lair:3   | 11943 ||| INVOKING Heroism.
 11945 | Lair:3   | 11945 ||| Stepping ~*~*~tactically~*~*~ (cloud).
 11992 | Lair:3   | 11992 ||| Stepping ~*~*~tactically~*~*~ (hiding).
 11993 | Lair:3   | 11993 ||| Stepping ~*~*~tactically~*~*~ (hiding).
 11995 | Lair:3   | 11995 ||| INVOKING Heroism.
 11999 | Lair:3   | Reached skill level 3 in Throwing
 12447 | Lair:4   | 12447 ||| INVOKING Heroism.
 12449 | Lair:4   | 12449 ||| Stepping ~*~*~tactically~*~*~ (stealth).
 12610 | Lair:4   | 12610 ||| Stepping ~*~*~tactically~*~*~ (stealth).
 12620 | Lair:4   | 12620 ||| Stepping ~*~*~tactically~*~*~ (stealth).
 12621 | Lair:4   | 12621 ||| Stepping ~*~*~tactically~*~*~ (stealth).
 12631 | Lair:4   | Received a gift from Okawaru
 12632 | Lair:4   | Reached skill level 9 in Armour
 12644 | Lair:4   | 12644 ||| INVOKING Heroism.
 12647 | Lair:4   | Reached skill level 14 in Shields
 12782 | Lair:4   | 12782 ||| INVOKING Heroism.
 12886 | Lair:4   | 12886 ||| INVOKING Heroism.
 12888 | Lair:4   | 12888 ||| Stepping ~*~*~tactically~*~*~ (cloud).
 12937 | Lair:4   | 12937 ||| Stepping ~*~*~tactically~*~*~ (stealth).
 12939 | Lair:4   | 12939 ||| INVOKING Heroism.
 12940 | Lair:4   | 12940 ||| Stepping ~*~*~tactically~*~*~ (stealth).
 12945 | Lair:4   | 12945 ||| SWAPPING to +0 flail.
 12957 | Lair:4   | Received a gift from Okawaru
 12958 | Lair:4   | 12958 ||| SWAPPING to +1 war axe.
 12988 | Lair:4   | 12988 ||| INVOKING Heroism.
 13180 | Lair:4   | You fall into a shaft and drop 1 floor!
 13180 | Lair:5   | Entered Level 5 of the Lair of Beasts
 13354 | Lair:4   | 13354 ||| INVOKING Heroism.
 13595 | Lair:4   | Received a gift from Okawaru
 13970 | Lair:4   | Found a staircase to the Slime Pits.
 13991 | Lair:4   | 13991 ||| Stepping ~*~*~tactically~*~*~ (stealth).
 13992 | Lair:4   | 13992 ||| Stepping ~*~*~tactically~*~*~ (stealth).
 14085 | Lair:4   | 14085 ||| Stepping ~*~*~tactically~*~*~ (stealth).
 14388 | Lair:4   | 14388 ||| DROPPING ring of flight.
 14465 | Lair:5   | 14465 ||| Stepping ~*~*~tactically~*~*~ (stealth).
 14492 | Lair:5   | 14492 ||| INVOKING Heroism.
 14506 | Lair:5   | Reached skill level 12 in Axes
 14514 | Lair:5   | 14514 ||| INVOKING Heroism.
 14541 | Lair:5   | 14541 ||| SWAPPING to +0 flail.
 14553 | Lair:5   | 14553 ||| INVOKING Heroism.
 14558 | Lair:5   | HP: 17/80 [five-headed hydra[a boggart] (8)]
 14558 | Lair:5   | Slain by a death yak

Levels and vault maps discovered:
D:1:      lemuel_arrival_funnel, layout_basic, serial_bayou_lake_a
D:2:      layout_basic
D:3:      layout_loops_corners
D:4:      layout_rooms, minmay_temple_entry_mini_moons
D:5:      layout_rooms
D:6:      layout_loops_cross, minmay_manual_mares
D:7:      kennysheep_six_static_rooms, layout_loops_ring, serial_shops, shop
D:8:      layout_gridville, minmay_lair_entry_grove,
          gammafunk_ghost_abyssal_escape, minmay_manual_monstrance, uniq_maggie
Temple:   nicolae_temple_slightly_damp_pantheon
Lair:1:   layout_chaotic_city, serial_rivers, chequers_serial_rivers_small_a,
          chequers_serial_rivers_small_a, chequers_serial_rivers_marsh,
          chequers_serial_rivers_micro_b, portal_ice_cave_entry_pillars_1,
          uniq_joseph
Lair:2:   layout_small_grid, minmay_snake_entry_six_corridors,
          lemuel_fruit_fields
Lair:3:   layout_gridlike, elwin_shoals_entry_rooms, bobbens_dragon_lair_wall,
          grunt_megastairs_1
Lair:4:   layout_layer_cave, nicolae_slime_entry_field_trip
Lair:5:   minmay_lair_end_enchanted_forest, layout_gridlike

Skill      XL: |  1  2  3  4  5  6  7  8  9 10 11 12 13 |
---------------+----------------------------------------+-----
Axes           | 2 3 4 5 6 7 8 9 11 12 | 12.0
Fighting       | 4 5 6 7 8 9 |  9.0
Armour         | 4 5 6 7 8 9 |  9.0
Invocations    | 3 4 5 9 10 | 10.0
Shields        | 7 10 11 12 13 14 | 14.1
Dodging        | 1 2 |  2.0
Throwing       | 2 4 |  4.0

Action                     |  1- 3 |  4- 6 |  7- 9 | 10-12 | 13-15 || total
---------------------------+-------+-------+-------+-------+-------++-------
  Melee: War axe           |   101 |   151 |   287 |   628 |   353 ||  1520
         Flail             |       |       |       |    14 |    28 ||    42
  Throw: Boomerang         |       |       |       |    79 |     8 ||    87
         Javelin           |       |       |       |    19 |    27 ||    46
 Invoke: Heroism           |       |     2 |    11 |    30 |    17 ||    60
    Use: Scroll            |     1 |    13 |     3 |    11 |       ||    28
         Potion            |     1 |     3 |     3 |     1 |       ||     8
 Armour: Scale mail        |    66 |     8 |       |       |       ||    74
         Plate armour      |       |   112 |   206 |   354 |   238 ||   910
  Dodge: Dodged            |    61 |    49 |    51 |   142 |   104 ||   407
  Block: Buckler           |    17 |    29 |    11 |       |       ||    57
         Tower shield      |       |       |   203 |   662 |   414 ||  1279

Table legend:
 A = Non-vault XP
 B = Vault XP
 C = Vault XP percentage of total XP
 D = Non-vault monster count
 E = Vault monster count
 F = Vault count percentage of total count
                 A         B        C        D         E       F
            +---------+---------+-------+---------+---------+-------
      Total |   33179 |   15873 |  32.4 |     236 |      83 |  26.0
            +---------+---------+-------+---------+---------+-------
        D:1 |      22 |       0 |   0.0 |      11 |       0 |   0.0
        D:2 |      86 |       0 |   0.0 |      23 |       0 |   0.0
        D:3 |      11 |       0 |   0.0 |       6 |       0 |   0.0
        D:4 |     276 |       0 |   0.0 |      26 |       0 |   0.0
        D:5 |     690 |       0 |   0.0 |      18 |       0 |   0.0
        D:6 |     616 |     221 |  26.4 |      10 |       2 |  16.7
        D:7 |     765 |     307 |  28.6 |      11 |       6 |  35.3
        D:8 |    2459 |    4881 |  66.5 |      27 |      23 |  46.0
     Lair:1 |    5560 |     466 |   7.7 |      24 |       1 |   4.0
     Lair:2 |    7393 |    1309 |  15.0 |      26 |       7 |  21.2
     Lair:3 |    6345 |    6225 |  49.5 |      22 |      25 |  53.2
     Lair:4 |    8036 |     256 |   3.1 |      30 |       6 |  16.7
     Lair:5 |     920 |    2208 |  70.6 |       2 |      13 |  86.7
            +---------+---------+-------+---------+---------+-------
